 Dungeon Crawl Stone Soup version 0.29.0-4-gdea44cf6ec (webtiles) character file.

Game seed: 12464286444319684529

233 qw the Chopper (level 6, -2/35 HPs)
             Began as a Tengu Warper on Aug 28, 2022.
             Killed from afar by Ijyb (15 damage)
             ... with a puff of flame
             ... on level 4 of the Dungeon.
             The game lasted 00:00:22 (4480 turns).

qw the Chopper (Tengu Warper)                       Turns: 4480, Time: 00:00:22

Health: -2/35      AC:  7    Str: 14    XL:     6   Next: 4%
Magic:  10/10      EV: 11    Int: 13    God:
Gold:   161        SH:  0    Dex: 13    Spells: 9/9 levels left

rFire   . . .      SeeInvis .   Y - +1 hand axe
rCold   . . .      Faith    .   (no shield)
rNeg    . . .      Spirit   .   k - +0 scale mail
rPois   .          Reflect  .   (helmet restricted)
rElec   .          Harm     .   c - +0 cloak
rCorr   .          Rampage  .   (no gloves)
Will    +....                   (boots unavailable)
Stlth   ..........              (no amulet)
HPRegen 0.11/turn               a - ring of willpower
MPRegen 0.12/turn               (no ring)

@: flying quickly and evasively, quick
A: beak, talons 3, nimble flight
a: no special abilities


You were on level 4 of the Dungeon.
You visited 1 branch of the dungeon, and saw 4 of its levels.

You collected 161 gold pieces.


Innate Abilities, Weirdness & Mutations

You have a beak for a mouth.
You have claws for feet.
Your magical nature lets you fly swiftly and evasively.


   Skills:
 - Level 2.0 Fighting
 + Level 6.7 Axes
 - Level 1.0 Throwing
 - Level 1.1 Armour
 - Level 2.1 Dodging
 - Level 2.0 Spellcasting
 - Level 2.4 Translocations


You had 9 spell levels left.
You didn't know any spells.
Your spell library contained the following spells:

 Spells                   Type           Power      Damage    Failure   Level
 Blink                    Tloc           14%        N/A       54%         2
 Gell's Gravitas          Tloc           7%         N/A       77%         3
 Lesser Beckoning         Tloc           7%         N/A       77%         3
 Teleport Other           Tloc           7%         N/A       77%         3
 Manifold Assault         Tloc           7%         N/A       100%        5

Inventory:

Hand Weapons
 n - a +0 morningstar
 Y - a +1 hand axe (weapon)
Armour
 c - a +0 cloak (worn)
 e - a +0 chain mail
 k - a +0 scale mail (worn)
Jewellery
 a - a ring of willpower (left hand)
Scrolls
 b - a scroll of identify
 m - a scroll of teleportation
Potions
 d - a potion of resistance
 f - a potion of might
 g - a potion of degeneration {unknown}
 j - a potion of heal wounds {unknown}
 l - 2 potions of curing

Dungeon Overview and Level Annotations

Branches:
Dungeon (4/15)
 Temple: D:4-7

Altars:
Kikubaaqudgha
Vehumet

Shops:
D:1 [   D:4 [

Annotations:
D:4 Ijyb


Message History

Ijyb is moderately wounded.
Ijyb hits you with a +0 dagger.
You hit Ijyb. You claw Ijyb, but do no damage. You peck Ijyb, but do no damage.
Ijyb is heavily wounded.
Ijyb hits you with a +0 dagger.
You closely miss Ijyb.
Ijyb is heavily wounded.
Ijyb zaps a wand.
The puff of flame hits you.
You hit Ijyb. Your peck misses Ijyb.
Ijyb is heavily wounded.
Ijyb barely misses you.
You closely miss Ijyb. You claw Ijyb.
Ijyb is severely wounded.
Ijyb completely misses you.
You barely miss Ijyb. Your kick misses Ijyb. You peck Ijyb.
Ijyb is severely wounded.
Ijyb hits you with a +0 dagger.
You closely miss Ijyb. You claw Ijyb, but do no damage. You peck Ijyb.
Ijyb is severely wounded.
Ijyb grins evilly.
Ijyb hits you but does no damage.
You barely miss Ijyb.
Ijyb is severely wounded.
Ijyb closely misses you.
You barely miss Ijyb. Your kick misses Ijyb.
Ijyb is severely wounded.
Ijyb zaps a wand.
The puff of flame hits you!
You closely miss Ijyb. Your kick misses Ijyb. You peck Ijyb.
Ijyb is almost dead.
Ijyb hits you with a +0 dagger.
You hit Ijyb. Your kick misses Ijyb.
Ijyb is almost dead.
Ijyb hits you but does no damage.
You closely miss Ijyb. You claw Ijyb, but do no damage.
Ijyb is almost dead.
Ijyb hits you but does no damage.
You hit Ijyb. You claw Ijyb.
Ijyb is almost dead.
Ijyb zaps a wand.
The puff of flame hits you!
You die...

### #.# ### #.#
#####.###)# #
#.........#
#.####.........##
#..#....###....#
#### #....###
###..##...# ##.@##
#.....# #.g.#
#...###
#....######...#
..............##
......####......##
. ####....
##.#....# . #....#
#..###..##. #.####
##. ##...# #...#


You could see Ijyb.

Vanquished Creatures
  A scorpion (D:4)
  An orc wizard (D:4)
  A statue (D:4)
  6 adders
  A worm (D:2)
  9 orcs
  4 endoplasms
  3 giant cockroaches
  2 hobgoblins
  11 jackals
  2 kobolds
  A quokka (D:1)
  2 ball pythons
  6 bats
  4 frilled lizards
  4 goblins
  7 rats
65 creatures vanquished.

Vanquished Creatures (others)
  A human (D:3)
1 creature vanquished.

Grand Total: 66 creatures vanquished

Notes
Turn   | Place    | Note
-------+----------+-------------------------------------------
     0 | D:1      | qw the Tengu Warper began the quest for the Orb.
     0 | D:1      | Reached XP level 1. HP: 12/12 MP: 4/4
     0 | D:1      | 0 ||| qw: Version: 0.1-a-89-g26bdef1
     0 | D:1      | 0 ||| qw: Game counter: 172
     0 | D:1      | 0 ||| qw: Always use a shield: true
     0 | D:1      | 0 ||| qw: God list: Okawaru
     0 | D:1      | 0 ||| qw: Allow faded altars: false
     0 | D:1      | 0 ||| qw: Do Orc after D:15 true
     0 | D:1      | 0 ||| qw: Do second Lair branch before Depths: true
     0 | D:1      | 0 ||| qw: Lair rune preference: random
     0 | D:1      | 0 ||| qw: Plans: Normal
     0 | D:1      | 0 ||| PLANNING D:1-11
   466 | D:1      | 466 ||| Stepping ~*~*~tactically~*~*~ (stealth).
   470 | D:1      | Reached skill level 3 in Axes
   470 | D:1      | Reached XP level 2. HP: 15/17 MP: 6/6
   582 | D:1      | 582 ||| DROPPING +0 club.
   822 | D:1      | Found Sefruted's Armour Shoppe.
   829 | D:1      | 829 ||| SHOPLISTING +0 pair of gloves (49 gold, have 31).
   829 | D:1      | 829 ||| SHOPLISTING +0 ring mail (44 gold, have 31).
   829 | D:1      | 829 ||| SHOPLISTING +2 scale mail of fire resistance (231
                  | gold, have 31).
   829 | D:1      | 829 ||| SHOPLISTING +3 leather armour of poison resistance
                  | (231 gold, have 31).
   829 | D:1      | 829 ||| SHOPLISTING +3 ring mail of poison resistance (253
                  | gold, have 31).
   893 | D:1      | 893 ||| Stepping ~*~*~tactically~*~*~ (stealth).
  1169 | D:1      | 1169 ||| READING scroll labelled TAN NIATTUSIL.
  1170 | D:1      | 1170 ||| DROPPING scroll of blinking.
  1277 | D:2      | Reached XP level 3. HP: 21/21 MP: 7/7
  1394 | D:2      | Reached skill level 4 in Axes
  1586 | D:2      | 1586 ||| DROPPING +0 mace.
  1622 | D:2      | HP: 5/21 [poisoned by an adder]
  2144 | D:2      | 2144 ||| UPGRADING to +0 cloak.
  2149 | D:2      | 2149 ||| UPGRADING to +0 ring mail.
  2159 | D:2      | 2159 ||| DROPPING +0 leather armour.
  2160 | D:2      | 2160 ||| UPGRADING to ring of willpower.
  2161 | D:2      | 2161 ||| READING scroll labelled YGUEJOGOIW.
  2162 | D:2      | 2162 ||| READING scroll labelled UNLEIS WAEL.
  2198 | D:3      | Reached XP level 4. HP: 26/26 MP: 8/8
  2307 | D:3      | 2307 ||| Stepping ~*~*~tactically~*~*~ (stealth).
  2333 | D:3      | 2333 ||| Stepping ~*~*~tactically~*~*~ (stealth).
  2343 | D:3      | Reached skill level 5 in Axes
  2403 | D:3      | Found an ancient bone altar of Kikubaaqudgha.
  2403 | D:3      | Noticed a human
  2407 | D:3      | Killed a human
  3100 | D:3      | 3100 ||| READING scroll labelled RUHEST MIHIOLI.
  3201 | D:3      | 3201 ||| READING scroll labelled LUPACS JAWOSSEEX.
  3202 | D:3      | 3202 ||| DRINKING 2 puce potions.
  3203 | D:3      | 3203 ||| DRINKING 2 black potions.
  3204 | D:3      | 3204 ||| DRINKING 2 bubbling sapphire potions.
  3282 | D:4      | 3282 ||| Stepping ~*~*~tactically~*~*~ (stealth).
  3283 | D:4      | 3283 ||| Stepping ~*~*~tactically~*~*~ (stealth).
  3423 | D:4      | Found a radiant altar of Vehumet.
  3423 | D:4      | Noticed a charred statue
  3430 | D:4      | Gained mutation: Your magical nature lets you fly swiftly
                  | and evasively. [Tengu growth]
  3430 | D:4      | Reached XP level 5. HP: 30/30 MP: 9/9
  3435 | D:4      | Killed a charred statue
  3592 | D:4      | Reached skill level 6 in Axes
  3637 | D:4      | Found Paug's Armour Shop.
  3647 | D:4      | 3647 ||| SHOPLISTING +0 plate armour (322 gold, have 155).
  3647 | D:4      | 3647 ||| SHOPLISTING +3 plate armour of cold resistance
                  | (630 gold, have 155).
  3647 | D:4      | 3647 ||| SHOPLISTING +3 ring mail of cold resistance (364
                  | gold, have 155).
  3908 | D:4      | 3908 ||| DROPPING +2 mace of protection.
  4015 | D:4      | 4015 ||| Stepping ~*~*~tactically~*~*~ (stealth).
  4018 | D:4      | 4018 ||| Stepping ~*~*~tactically~*~*~ (stealth).
  4032 | D:4      | 4032 ||| Stepping ~*~*~tactically~*~*~ (stealth).
  4034 | D:4      | 4034 ||| FLEEEEING.
  4038 | D:4      | 4038 ||| FLEEEEING.
  4041 | D:4      | 4041 ||| FLEEEEING.
  4042 | D:4      | 4042 ||| FLEEEEING.
  4043 | D:4      | 4043 ||| FLEEEEING.
  4044 | D:4      | 4044 ||| FLEEEEING.
  4045 | D:4      | 4045 ||| FLEEEEING.
  4048 | D:4      | 4048 ||| FLEEEEING.
  4054 | D:4      | 4054 ||| STAIRDANCE
  4195 | D:3      | 4195 ||| UPGRADING to +0 scale mail.
  4205 | D:3      | 4205 ||| DROPPING +0 ring mail.
  4206 | D:3      | 4206 ||| READING 2 scrolls of identify.
  4206 | D:3      | 4206 ||| IDENTIFYING emerald potion
  4207 | D:3      | 4207 ||| DROPPING potion of flight.
  4219 | D:4      | Reached XP level 6. HP: 24/35 MP: 10/10
  4463 | D:4      | Noticed Ijyb
  4465 | D:4      | 4465 ||| Stepping ~*~*~tactically~*~*~ (hiding).
  4480 | D:4      | Killed from afar by Ijyb

Levels and vault maps discovered:
D:1:      dpeg_arrival_rhombi, layout_loops_ring, serial_shops, shop
D:2:      layout_rooms, palyth_stone_intersect
D:3:      layout_basic, tgw_kikubaaqudgha, st_stairs_1
D:4:      minmay_polygon_palace, layout_layer_cave, vehumet_statue,
          serial_shops, nicolae_shop_advertising_works
          [nicolae_subvault_shop_adworks], uniq_ijyb

Skill      XL: |  1  2  3  4  5 |
---------------+----------------+-----
Axes           | 3 4 5 6 |  6.7
Fighting       | |  2.0
Throwing       | |  1.0
Armour         | |  1.1
Dodging        | |  2.1
Spellcasting   | |  2.0
Translocations | |  2.4

Action                   |  1- 3 |  4- 6 || total
-------------------------+-------+-------++-------
Melee: Hand axe          |    87 |    95 ||   182
       Kick              |    18 |    25 ||    43
       Peck              |    11 |    17 ||    28
       Punch             |       |     2 ||     2
Throw: Boomerang         |     7 |       ||     7
  Use: Scroll            |     3 |     3 ||     6
       Potion            |       |     3 ||     3
Armor: Leather armour    |    27 |       ||    27
       Ring mail         |     1 |    11 ||    12
       Scale mail        |       |     4 ||     4
Dodge: Dodged            |    58 |    42 ||   100

Table legend:
 A = Non-vault XP
 B = Vault XP
 C = Vault XP percentage of total XP
 D = Non-vault monster count
 E = Vault monster count
 F = Vault count percentage of total count
                 A         B        C        D         E       F
            +---------+---------+-------+---------+---------+-------
      Total |     298 |      35 |  10.5 |      62 |       3 |   4.6
            +---------+---------+-------+---------+---------+-------
        D:1 |      30 |       0 |   0.0 |      18 |       0 |   0.0
        D:2 |      44 |       0 |   0.0 |      19 |       0 |   0.0
        D:3 |      59 |       3 |   4.8 |      11 |       2 |  15.4
        D:4 |     165 |      32 |  16.2 |      14 |       1 |   6.7
            +---------+---------+-------+---------+---------+-------
